 Dungeon Crawl Stone Soup version 0.22.1-1-ga44c0e56f4 (webtiles) character file.

32552 Peloso the Blocker (level 13, -2/116 HPs)
             Began as a Minotaur Fighter on Nov 10, 2018.
             Was the Champion of Okawaru.
             Slain by Rupert
             ... wielding a +2 great sword of holy wrath
              (35 damage)
             ... on level 5 of the Lair of Beasts.
             The game lasted 00:50:00 (18140 turns).

Peloso the Blocker (Minotaur Fighter)              Turns: 18140, Time: 00:50:00

Health: -2/116     AC: 26    Str: 25    XL:     13   Next: 32%
Magic:  12/13      EV: 14    Int:  9    God:    Okawaru [******]
Gold:   586        SH:  0    Dex: 13    Spells: 12/12 levels left

rFire    . . .     SeeInvis .   a - +4 long sword of Mana {freeze, MR+ Int+4}
rCold    . . .     Gourm    .   c - +1 shield
rNeg     + . .     Faith    .   W - +2 chain mail of Honour {Dex+2}
rPois    .         Spirit   .   S - +2 hat {MR+}
rElec    .         Reflect  .   K - +2 cloak
rCorr    .         Harm     .   (no gloves)
MR       ++...                  N - +0 pair of boots
Stlth    ..........             I - amulet of regeneration
HPRegen  0.69/turn              e - +3 ring of protection
MPRegen  0.13/turn              P - ring of positive energy

@: sleeping, heroism
A: retaliatory headbutt, horns 2
a: Heroism, Finesse, Renounce Religion


You were on level 5 of the Lair of Beasts.
You worshipped Okawaru.
Okawaru was exalted by your worship.
You were not hungry.

You visited 3 branches of the dungeon, and saw 18 of its levels.
You also visited: Sewer.

You collected 1231 gold pieces.
You spent 645 gold pieces at shops.

Inventory:

Hand Weapons
 a - the +4 long sword of Mana (weapon) {freeze, MR+ Int+4}
   (Okawaru gifted it to you on level 4 of the Lair of Beasts)

   It has been specially enchanted to freeze those struck by it, causing extra
   injury to most foes and up to half again as much damage against particularly
   susceptible opponents.
   It can also slow down cold-blooded creatures.
   It affects your intelligence (+4).
   It affects your resistance to hostile enchantments.
 b - a +4 scimitar
Armour
 c - a +1 shield (worn)
 o - a +0 cloak
 K - a +2 cloak (worn)
 N - a +0 pair of boots (worn)
 S - a +2 hat of magic resistance (worn)
 W - the +2 chain mail of Honour (worn) {Dex+2}
   (You found it on level 12 of the Dungeon)

   It affects your dexterity (+2).
Jewellery
 e - a +3 ring of protection (left hand)
 I - an amulet of regeneration (around neck)
 P - a ring of positive energy (right hand)
Scrolls
 g - a scroll of enchant armour
 h - a scroll of fear
 k - 4 scrolls of teleportation
 m - 6 scrolls of identify
 p - a scroll of noise
 t - 7 scrolls of remove curse
 C - a scroll of magic mapping
 X - 2 scrolls of fog
Potions
 d - 2 potions of cancellation
 i - 13 potions of curing
 j - 3 potions of flight
 l - a potion of mutation
 n - a potion of brilliance
 q - 2 potions of resistance
 s - 5 potions of agility
 v - 6 potions of heal wounds
 z - 4 potions of might
 A - 7 potions of haste
 E - a potion of invisibility
Comestibles
 f - 26 rations
 r - 3 chunks of flesh


   Skills:
 + Level 11.3(16.3) Fighting
 + Level 14.5(19.5) Long Blades
 + Level 12.2(17.2) Armour
 + Level 4.7(9.7) Dodging
 + Level 2.1(7.1) Stealth
 + Level 14.7(19.7) Shields
 + Level 2.2 Invocations
   Level 0.9 Evocations


You had 12 spell levels left.
You didn't know any spells.
Your spell library contained the following spells:

 Spells                   Type           Power        Failure   Level  Hunger
 Animate Skeleton         Necr           N/A          82%         1    ##.....
 Apportation              Tloc           #.....       82%         1    ##.....
 Confusing Touch          Hex            #.....       82%         1    ##.....
 Corona                   Hex            #......      82%         1    ##.....
 Flame Tongue             Conj/Fire      #....        82%         1    ##.....
 Magic Dart               Conj           #...         82%         1    ##.....
 Summon Small Mammal      Summ           #...         82%         1    ##.....
 Ensorcelled Hibernation  Hex/Ice        #.....       91%         2    ###....
 Searing Ray              Conj           #.....       91%         2    ###....
 Throw Flame              Conj/Fire      #.....       91%         2    ###....
 Confuse                  Hex            #.......     99%         3    ####...
 Conjure Flame            Conj/Fire      #.......     99%         3    ####...
 Dazzling Spray           Conj/Hex       #.....       99%         3    ####...
 Inner Flame              Hex/Fire       #.......     99%         3    ####...
 Portal Projectile        Hex/Tloc       #.....       99%         3    ####...
 Tukima's Dance           Hex            #.......     99%         3    ####...
 Force Lance              Conj/Tloc      #.......     100%        4    #####..
 Fulminant Prism          Conj/Hex       #.........   100%        4    #####..
 Iskenderun's Mystic Bla  Conj           #.......     100%        4    #####..
 Sticky Flame             Conj/Fire      #.......     100%        4    #####..
 Fireball                 Conj/Fire      #.........   100%        5    ######.
 Conjure Ball Lightning   Conj/Air       #.........   100%        6    #######


Dungeon Overview and Level Annotations

Branches:
Dungeon (12/15)            Temple (1/1) D:5            Lair (5/6) D:8
  Swamp (0/4) Lair:3        Snake (0/4) Lair:3          Orc (0/2) D:11
  Slime: Lair:5-6

Altars:
Ashenzari
Cheibriados
Dithmenos
Elyvilon
Fedhas
Gozag
Hepliaklqana
Kikubaaqudgha
Makhleb
Nemelex Xobeh
Okawaru
Qazlal
Ru
Sif Muna
Trog
Uskayaw
Vehumet
Wu Jian
Xom
The Shining One

Shops:
D:4 !*!*

Annotations:
D:10 3 runed doors, radzia's ghost, novice DDFi
Lair:5 Josephine; Rupert


Innate Abilities, Weirdness & Mutations

You reflexively headbutt those who attack you in melee.
You have a pair of horns on your head.


Message History

Rupert hits you with a great sword of holy wrath!
* * * LOW HITPOINT WARNING * * *
Unknown command.
You slash Rupert! You freeze Rupert. You headbutt Rupert, but do no damage.
Rupert is heavily wounded.
The bullfrog hits something but does no damage.
You block Rupert's attack.
The bullfrog hits something but does no damage.
You slash Rupert! You freeze Rupert.
Rupert is severely wounded.
You block Rupert's attack.
The bullfrog hits something but does no damage.
Unknown command.
As you read the scroll of summoning, it crumbles to dust.
Wisps of shadow whirl around you...
The dream sheep bites something.
The dream sheep are wreathed in dream dust.
You feel drowsy...
You fall asleep.
The bullfrog hits something.
Rupert hits you with a great sword of holy wrath!!
You die...

........ #..#.'#
#@..## #PF.# #WY##
#WY# ###YF# #t@@Y##
#@#.#.# ###FD###
.... #P#Pl#P###
...... #......#.#
#......
##..#....###P.....
##........##.....
#..........#.P# #
##.....(P.....# .#
#P.#..........##.##


You could see Rupert (berserk), Josephine, a wraith, 2 bullfrogs, 4 dream sheep,
a friendly five-headed hydra, a friendly komodo dragon, a friendly spiny frog
and a friendly crocodile.

Vanquished Creatures
  3 hydras
  Urug (D:10)
  2 unseen horrors
  An ugly thing (D:12)
  2 cyclopes (D:12)
  5 black mambas
  Maurice (D:10)
  A gargoyle (D:12)
  5 komodo dragons
  7 spiny frogs
  3 trolls
  A polar bear (Lair:1)
  Grinder (D:6)
  6 dream sheep (Lair:4)
  3 hornets
  13 blink frogs
  3 hippogriffs
  4 slime creatures (D:12)
  Sigmund (D:3)
  A vampire (D:10)
  15 yaks
  A basilisk (Lair:3)
  A hungry ghost (D:8)
  Menkaure (D:7)
  A soldier ant (D:11)
  5 nagas (Lair:3)
  11 porcupines
  5 water moccasins
  Duvessa (D:5)
  2 sky beasts
  A black bear (D:7)
  An ice beast (D:9)
  15 orc warriors
  2 necrophages
  4 phantoms
  6 ogres
  4 wolves (Lair:2)
  An eye of draining (D:11)
  8 crocodiles
  13 centaurs
  4 big kobolds
  14 bullfrogs
  Dowan (D:5)
  A scorpion (D:9)
  8 wights
  14 killer bees
  A howler monkey (D:9)
  4 crimson imps
  6 hounds
  4 centaur zombies
  6 jellies
  17 orc wizards
  6 orc priests
  Crazy Yiuf (D:2)
  3 bullfrog skeletons
  4 centaur skeletons
  Terence (D:3)
  Jessica (D:2)
  2 iguanas
  13 worker ants
  A hound zombie (D:8)
  A hound skeleton (D:6)
  2 howler monkey skeletons (D:7)
  9 adders
  A river rat (D:5)
  4 shadow imps
  An ooze (D:3)
  3 adder skeletons
  4 worms
  2 dart slugs
  6 leopard geckos
  61 orcs
  7 giant cockroaches
  6 hobgoblins
  7 jackals
  2 quokkas
  7 ball pythons
  14 bats
  A frilled lizard (D:2)
  5 goblins
  20 kobolds
  A leopard gecko skeleton (D:7)
  A leopard gecko zombie (D:5)
  A quokka zombie (D:9)
  16 rats
  A fungus (Lair:4)
  2 plants (Lair:1)
459 creatures vanquished.

Vanquished Creatures (others)
  11 fungi
  4 plants (Lair:5)
15 creatures vanquished.

Grand Total: 474 creatures vanquished

Notes
Turn   | Place    | Note
-------+----------+-------------------------------------------
     0 | D:1      | Peloso the Minotaur Fighter began the quest for the Orb.
     0 | D:1      | Reached XP level 1. HP: 19/19 MP: 0/0
   125 | D:1      | Reached XP level 2. HP: 27/27 MP: 1/1
   505 | D:2      | Reached XP level 3. HP: 33/33 MP: 2/2
   508 | D:2      | Noticed Jessica
   531 | D:2      | Killed Jessica
   576 | D:2      | You fall through a shaft for 2 floors!
   757 | D:3      | Reached XP level 4. HP: 40/40 MP: 3/3
  1082 | D:2      | Found a runed door.
  1168 | D:2      | Noticed Crazy Yiuf
  1175 | D:2      | Killed Crazy Yiuf
  1266 | D:3      | Noticed Sigmund
  1394 | D:3      | Killed Sigmund
  1394 | D:3      | Reached skill level 5 in Armour
  1394 | D:3      | Reached skill level 1 in Dodging
  1394 | D:3      | Reached skill level 5 in Shields
  1394 | D:3      | Reached XP level 5. HP: 40/47 MP: 4/4
  1433 | D:3      | Reached XP level 6. HP: 46/53 MP: 5/5
  1443 | D:3      | Noticed Grinder
  1444 | D:3      | Paralysed by Grinder for 2 turns
  1631 | D:3      | Noticed Terence
  1641 | D:3      | Killed Terence
  1949 | D:4      | Reached skill level 5 in Long Blades
  1961 | D:4      | Found Deruc's Distillery.
  1969 | D:4      | Bought a potion of curing for 33 gold pieces
  1969 | D:4      | Bought a potion of degeneration for 11 gold pieces
  1969 | D:4      | Bought a potion of mutation for 88 gold pieces
  1981 | D:4      | Found Bythraqoum's Assorted Antiques.
  2049 | D:4      | Reached XP level 7. HP: 52/60 MP: 6/6
  2451 | D:4      | Got a crude scale mail
  2457 | D:4      | Identified the +0 scale mail of Understanding {+Fly rPois
                  | rC- Int-5} (You took it off an orc on level 4 of the
                  | Dungeon)
  2457 | D:4      | Lost intelligence.
  2578 | D:4      | Found Vupraad's Distillery.
  2581 | D:4      | Bought a potion of lignification for 36 gold pieces
  2597 | D:4      | Found Focuitan's General Store.
  2725 | D:5      | Entered Level 5 of the Dungeon
  2906 | D:5      | Found a glowing drain.
  2951 | Sewer    | Entered a sewer
  3247 | Sewer    | Reached skill level 5 in Fighting
  3247 | Sewer    | Reached XP level 8. HP: 65/68 MP: 7/7
  3378 | D:5      | Found an ancient bone altar of Kikubaaqudgha.
  3383 | D:5      | Found a bloodstained altar of Trog.
  3384 | D:5      | Found a shimmering altar of Xom.
  3386 | D:5      | Found a burning altar of Makhleb.
  3493 | D:5      | Noticed Duvessa
  3493 | D:5      | Noticed Dowan
  3508 | D:5      | Killed Duvessa
  3526 | D:5      | Killed Dowan
  3813 | D:5      | Found a staircase to the Ecumenical Temple.
  3906 | Temple   | Entered the Ecumenical Temple
  4059 | Temple   | Became a worshipper of Warmaster Okawaru
  4130 | D:4      | Found a bloodstained altar of Trog.
  4160 | D:4      | Bought a potion of might for 44 gold pieces
  4341 | D:4      | Bought a potion of might for 44 gold pieces
  4494 | D:6      | Killed Grinder
  4673 | D:6      | Reached * piety under Okawaru
  5129 | D:6      | Reached XP level 9. HP: 69/75 MP: 8/8
  5676 | D:6      | Found a burning altar of Makhleb.
  5826 | D:7      | Noticed Menkaure
  5835 | D:7      | Killed Menkaure
  5883 | D:7      | Reached skill level 10 in Long Blades
  6605 | D:7      | Reached ** piety under Okawaru
  6934 | D:7      | Found a blossoming altar of Fedhas.
  6934 | D:7      | Found a shattered altar of Ashenzari.
  6935 | D:7      | Found a deep blue altar of Sif Muna.
  6964 | D:7      | Found a glowing golden altar of the Shining One.
  7248 | D:8      | Found a blossoming altar of Fedhas.
  7312 | D:8      | Found a staircase to the Lair.
  7471 | D:8      | Reached *** piety under Okawaru
  7471 | D:8      | Reached skill level 1 in Stealth
  7548 | D:8      | Reached XP level 10. HP: 82/84 MP: 9/9
  9075 | D:9      | Received a gift from Okawaru
  9472 | D:10     | Entered Level 10 of the Dungeon
  9918 | D:10     | Found a shadowy altar of Dithmenos.
 10157 | D:10     | Noticed Urug
 10160 | D:10     | Noticed Maurice
 10171 | D:10     | Killed Urug
 10171 | D:10     | Reached **** piety under Okawaru
 10171 | D:10     | Received a gift from Okawaru
 10171 | D:10     | Reached skill level 10 in Shields
 10181 | D:10     | Killed Maurice
 10315 | D:10     | Paralysed by a hornet for 1 turns
 10413 | D:10     | Found a runed gate.
 10413 | D:10     | Found a runed gate.
 10413 | D:10     | Found a runed gate.
 10414 | D:10     | Noticed radzia's ghost (novice DDFi)
 11038 | D:4      | Bought a scroll labeled ISMICAPHINOO for 23 gold pieces
 11071 | D:4      | Bought a potion of haste for 120 gold pieces
 11071 | D:4      | Bought a potion of brilliance for 48 gold pieces
 11071 | D:4      | Bought a potion of curing for 36 gold pieces
 11088 | D:4      | Bought a scroll of identify for 24 gold pieces
 11088 | D:4      | Bought a scroll of summoning for 114 gold pieces
 11088 | D:4      | Bought a scroll of identify for 24 gold pieces
 11181 | Lair:1   | Entered Level 1 of the Lair of Beasts
 11267 | Lair:1   | Reached XP level 11. HP: 53/94 MP: 10/10
 11564 | Lair:1   | Reached ***** piety under Okawaru
 12065 | Lair:2   | Reached skill level 10 in Armour
 12165 | Lair:2   | Received a gift from Okawaru
 13534 | Lair:3   | Noticed a four-headed hydra
 14010 | D:11     | Received a gift from Okawaru
 14078 | D:11     | Reached XP level 12. HP: 106/106 MP: 11/11
 14084 | D:11     | Found a staircase to the Orcish Mines.
 14868 | D:12     | Got a steaming chain mail
 14881 | D:12     | Identified the +2 chain mail of Honour {Dex+2} (You found
                  | it on level 12 of the Dungeon)
 14941 | D:12     | Identified a scroll of acquirement
 15136 | D:11     | Reached skill level 10 in Fighting
 15530 | D:12     | Noticed an eight-headed hydra
 15550 | D:12     | Killed a 12-headed hydra
 15688 | D:12     | Reached skill level 1 in Invocations
 15927 | D:12     | Identified the Handbook of Warped Weightlessness
 16290 | Lair:3   | Killed a 19-headed hydra
 16651 | Lair:3   | Reached ****** piety under Okawaru
 16651 | Lair:3   | Reached XP level 13. HP: 100/115 MP: 13/13
 16669 | Lair:3   | Found a staircase to the Snake Pit.
 16788 | Lair:3   | Found a staircase to the Swamp.
 17223 | Lair:4   | Received a gift from Okawaru
 17266 | Lair:4   | Got a polished long sword {god gift}
 17267 | Lair:4   | Identified the +4 long sword of Mana {freeze, MR+ Int+4}
                  | (Okawaru gifted it to you on level 4 of the Lair of Beasts)
 18111 | Lair:5   | Noticed Rupert
 18116 | Lair:5   | Noticed Josephine
 18140 | Lair:5   | Slain by Rupert

Skill      XL: |  1  2  3  4  5  6  7  8  9 10 11 12 13 |
---------------+----------------------------------------+-----
Shields        | 4 5 6 7 8 10 12 14 | 14.7
Long Blades    | 3 4 5 7 9 10 12 13 14 | 14.5
Armour         | 4 5 6 7 8 9 11 12 | 12.2
Fighting       | 4 5 6 8 9 10 11 | 11.3
Dodging        | 1 2 3 4 |  4.7
Stealth        | 1 2 |  2.1
Invocations    | 1 2 |  2.2
Evocations     | |  0.9

Action                   |  1- 3 |  4- 6 |  7- 9 | 10-12 | 13-15 || total
-------------------------+-------+-------+-------+-------+-------++-------
Melee: Long sword        |    52 |    78 |   434 |   146 |    87 ||   797
       Headbutt          |    10 |    14 |   101 |   230 |    34 ||   389
       Falchion          |       |       |       |   519 |       ||   519
       Scimitar          |       |       |       |   361 |    28 ||   389
Invok: Heroism           |       |       |     1 |     7 |     2 ||    10
       Finesse           |       |       |       |     2 |     1 ||     3
Evoke: Wand              |       |     5 |       |       |       ||     5
  Use: Potion            |       |     1 |       |     8 |       ||     9
       Scroll            |       |       |     9 |    15 |     2 ||    26
  Eat: Chunk             |       |     3 |     9 |    25 |     5 ||    42
       Ration            |       |       |     3 |     2 |       ||     5
Armor: Scale mail        |    38 |    34 |    17 |       |       ||    89
       Chain mail        |       |       |   143 |   160 |    55 ||   358
       Plate armour      |       |       |       |   286 |       ||   286
Dodge: Dodged            |    29 |    28 |   100 |   239 |    45 ||   441
Block: Shield            |    42 |    35 |   240 |   704 |    85 ||  1106
       Rpst.: Long sword |     7 |     2 |    24 |     7 |     9 ||    49
       Falchion          |       |       |       |    32 |       ||    32
       Scimitar          |       |       |       |    17 |     1 ||    18
